Map: Jagannatha LE

Players

ExpecT - Winner!

  • Race: Terran Terran
  • Spawn Location: 1:00

Nice

  • Race: Protoss Protoss
  • Spawn Location: 7:00

Event: DreamHack SC2 Masters 2020 Winter

VOD

Have the link to the VOD?

Description

Time

  • Played on: Oct. 21, 2020, 8:49 a.m.
  • Length: 9:51

All games in this series

Show
View Real Time Build Order
Export as new Build Order

ExpecT Terran - Winner!

Build Orders: Reaper Expand 

Get SALT Encoding   

  12  0:00  SCV  
  13  0:12  SCV  
  14  0:17  Supply Depot  
  14  0:25  SCV  
  15  0:38  SCV  
  15  0:41  Barracks  
  16  0:45  Refinery  
  16  0:50  SCV  
  17  1:02  SCV  
  18  1:14  SCV  
  19  1:27  Orbital Command  
  19  1:28  Reaper  
  20  1:45  Command Center  
  20  1:54  SCV  
  22  2:01  Supply Depot  
  22  2:07  Factory  
  22  2:08  Marine  
  21  2:11  SCV  
  23  2:19  Refinery  
  23  2:24  Bunker, SCV  
  25  2:37  Barracks Reactor  
  25  2:38  SCV  
  25  2:50  SCV  
  26  2:53  Hellion  
  26  2:54  Starport  
  26  2:57  Orbital Command  
  28  3:02  SCV  
  29  3:14  Marine x2  
  29  3:18  Hellion  
  29  3:19  SCV  
  33  3:23  SCV  
  34  3:31  Medivac  
  34  3:32  Marine x2  
  38  3:35  SCV x2, Supply Depot  
  38  3:40  Hellion  
  42  3:48  SCV  
  42  3:49  SCV  
  42  3:50  Barracks  
  42  3:51  Marine x2  
  46  4:01  Barracks  
  46  4:03  Factory Tech Lab  
  46  4:05  SCV, Starport Tech Lab  
  46  4:06  SCV  
  46  4:09  Supply Depot  
  48  4:18  Marine x2  
  48  4:19  Engineering Bay  
  50  4:26  SCV x2  
  52  4:41  Siege Tank  
  52  4:42  Marine x2  
  52  4:43  SCV x2  
  59  4:45  Starport Reactor  
  59  4:49  Terran Infantry Weapons Level 1  
  59  4:51  Supply Depot  
  59  4:59  Marine  
  59  5:03  Barracks Tech Lab, Stimpack  
  54  5:08  SCV x2, Marine x2  
  58  5:15  Refinery  
  58  5:16  Supply Depot, Hellion  
  62  5:21  Marauder  
  62  5:26  Marine x2, Marauder  
  66  5:29  SCV x2  
  66  5:31  Supply Depot  
  66  5:34  Medivac  
  70  5:38  Siege Tank  
  70  5:42  Marine  
  74  5:44  Marine x2  
  74  5:46  SCV x2  
  78  5:50  Supply Depot  
  78  5:53  Marauder  
  78  5:54  Supply Depot  
  78  5:56  Combat Shield  
  80  6:00  Marine, Medivac  
  80  6:03  Marine x2  
  85  6:06  SCV  
  85  6:08  Refinery  
  86  6:12  SCV  
  86  6:14  Marauder  
  91  6:18  Marauder  
  91  6:22  Siege Tank  
  91  6:24  Marine x2  
  96  6:28  SCV x2  
  96  6:32  Supply Depot x2  
  96  6:33  Command Center  
  96  6:39  Barracks  
  96  6:41  Barracks  
  96  6:45  Concussive Shells  
  96  6:48  Marine x2, Marauder x2  
  104  6:54  SCV x2  
  104  6:55  Siege Tank  
  107  7:06  Marine  
  108  7:09  Marauder  
  93  7:25  Marine  
  93  7:26  Marine, Marauder  
  97  7:30  Siege Tank  
  97  7:31  Barracks Tech Lab, Marauder  
  97  7:32  Barracks Reactor  
  97  7:37  Medivac x2  
  104  7:38  SCV x2  
  104  7:43  Marine x2  
  110  7:45  Orbital Command  
  110  7:47  Marauder  
  110  7:48  Terran Infantry Armor Level 1  
  110  7:51  Marauder  
  114  7:52  Marauder  
  114  7:53  SCV x2  
  118  8:01  Marine x2  
  118  8:03  Supply Depot, Siege Tank  
  118  8:04  Supply Depot  
  118  8:05  SCV x2  
  125  8:09  Marauder  
  125  8:11  SCV  
  128  8:13  Marine, Marauder  
  128  8:14  Marauder  
  133  8:22  Refinery  
  133  8:23  Refinery  
  133  8:25  Marine x2, Ghost Academy  
  135  8:29  Viking x2  
  135  8:33  Marine x2, Marauder  
  143  8:35  Marauder, SCV  
  143  8:36  SCV  
  143  8:39  SCV  
  148  8:47  SCV  
  149  8:51  Supply Depot x2  
  149  8:59  Marine x3  
  149  9:01  Marine, Marauder  
  149  9:02  Marauder  
  149  9:03  Marauder  
  149  9:12  Medivac x2, Siege Tank  
  149  9:13  SCV  
  157  9:17  Marine x3  
  157  9:19  Marine  
  157  9:22  Supply Depot  
  157  9:23  Marauder, Supply Depot  
Show
View Real Time Build Order
Export as new Build Order

Nice Protoss 

Build Orders: 1 Gate Expand 

Get SALT Encoding   

  12  0:00  Probe  
  13  0:12  Probe  
  14  0:19  Pylon  
  14  0:24  Probe (Chrono Boost)  
  15  0:38  Probe (Chrono Boost)  
  15  0:40  Gateway  
  16  0:46  Probe (Chrono Boost)  
  17  0:51  Assimilator  
  17  0:57  Probe  
  18  1:09  Probe  
  19  1:21  Probe  
  20  1:27  Cybernetics Core  
  20  1:37  Nexus  
  20  1:44  Pylon  
  19  1:50  Assimilator  
  19  1:52  Probe  
  20  2:01  Stalker (Chrono Boost)  
  20  2:05  Probe  
  23  2:09  Warp Gate  
  23  2:18  Probe (Chrono Boost)  
  25  2:30  Probe (Chrono Boost)  
  25  2:31  Robotics Facility  
  25  2:36  Probe (Chrono Boost)  
  26  2:42  Stalker  
  28  2:47  Probe (Chrono Boost)  
  28  2:49  Probe (Chrono Boost)  
  32  2:59  Probe (Chrono Boost)  
  32  3:00  Probe (Chrono Boost)  
  32  3:04  Probe (Chrono Boost)  
  31  3:08  Probe  
  33  3:16  Probe  
  33  3:18  Observer (Chrono Boost)  
  34  3:20  Probe  
  34  3:26  Gateway  
  35  3:28  Probe  
  35  3:29  Gateway  
  35  3:31  Observer (Chrono Boost)  
  35  3:32  Probe  
  38  3:39  Pylon  
  38  3:40  Probe  
  39  3:45  Pylon  
  39  3:46  Probe (Chrono Boost)  
  40  3:51  Observer  
  40  3:52  Probe (Chrono Boost)  
  42  4:01  Probe (Chrono Boost)  
  42  4:02  Probe (Chrono Boost)  
  44  4:06  Probe (Chrono Boost), Sentry  
  44  4:09  Probe  
  48  4:12  Observer  
  48  4:15  Nexus  
  49  4:28  Stalker x2  
  49  4:30  Stalker  
  55  4:35  Pylon  
  51  4:46  Probe  
  51  4:47  Probe  
  51  4:52  Stalker x2  
  55  4:58  Probe (Chrono Boost)  
  55  5:03  Probe (Chrono Boost)  
  55  5:06  Pylon  
  53  5:10  Probe (Chrono Boost)  
  53  5:12  Assimilator  
  53  5:14  Assimilator  
  55  5:15  Probe (Chrono Boost)  
  55  5:19  Probe (Chrono Boost)  
  56  5:23  Probe (Chrono Boost)  
  57  5:30  Robotics Bay  
  57  5:33  Probe (Chrono Boost)  
  57  5:34  Probe x2 (Chrono Boost)  
  60  5:38  Probe (Chrono Boost)  
  60  5:41  Probe  
  60  5:42  Probe  
  60  5:47  Observer  
  60  5:49  Immortal (Chrono Boost)  
  60  5:50  Probe  
  60  5:53  Probe  
  60  5:54  Probe  
  67  6:00  Pylon  
  67  6:02  Probe  
  68  6:05  Probe  
  68  6:07  Shield Battery  
  69  6:18  Colossus (Chrono Boost), Observer  
  69  6:20  Zealot x3  
  81  6:26  Extended Thermal Lance (Chrono Boost)  
  81  6:30  Observer  
  81  6:33  Probe x2  
  81  6:34  Probe  
  81  6:36  Shield Battery  
  84  6:44  Adept  
  84  6:45  Adept x2  
  90  7:03  Probe x3  
  90  7:05  Pylon  
  93  7:14  Colossus  
  93  7:18  Adept  
  86  7:24  Stalker x2  
  86  7:29  Observer  
  89  7:31  Probe (Chrono Boost)  
  89  7:32  Probe (Chrono Boost)  
  92  7:37  Probe (Chrono Boost)  
  92  7:42  Twilight Council, Probe (Chrono Boost)  
  92  7:43  Forge, Probe (Chrono Boost)  
  94  7:47  Probe (Chrono Boost), Sentry x2  
  94  7:48  Stalker  
  101  8:06  Pylon  
  101  8:08  Pylon x2  
  101  8:09  Pylon  
  101  8:12  Pylon  
  101  8:19  Assimilator x2  
  101  8:24  Probe x3, Immortal (Chrono Boost)  
  108  8:30  Zealot x3  
  108  8:34  Pylon  
  114  8:36  Probe x3  
  117  8:45  Pylon  
  117  8:46  Pylon  
  117  8:48  Probe  
  118  8:51  Zealot x3  
  118  8:55  Gateway  
  124  8:56  Gateway  
  115  9:10  Immortal (Chrono Boost)  
  115  9:11  Gateway  
  115  9:13  Pylon  
  115  9:15  Zealot x2  
  120  9:18  Zealot  
  122  9:25  Gateway  
  122  9:26  Gateway  
  122  9:28  Gateway  
Tags
 
Add a new tag
Caveats
  • Supply blocks, unpowered buildings, or Contaminate may cause inaccurate times.
  • Supply counts are checked every 10 seconds.